TOP OF THE 1ST |
Barry's Bay Orioles batting - Pitching for Erie Jaxx : RHP Ricardo Córdova
|
Pitching: RHP Ricardo Córdova
|
|
Batting: RHB Kevin Hawkins
|
0-0: Called Strike 0-1: Foul Ball, location: 2F 0-2: Ball 1-2: SINGLE (Groundball, 4MD)
|
Batting: RHB Esteban Álvarez
|
0-0: Called Strike 0-1: Called Strike 0-2: SINGLE (Groundball, 56D) Kevin Hawkins to second
|
Batting: LHB Chris Russell
|
0-0: Called Strike 0-1: Swinging Strike 0-2: Grounds into double play, 5-4-3 (Groundball, 56) Kevin Hawkins to third
|
Batting: LHB Dave Sanders
|
0-0: Foul Ball, location: 2F 0-1: Ball 1-1: Foul Ball, location: 2F 1-2: Ball 2-2: Ball 3-2: Fly out, F7 (Flyball, 78M)
|
Top of the 1st over - 0 runs, 2 hits, 0 errors, 1 left on base; Barry's Bay 0 - Erie 0 |
BOTTOM OF THE 1ST |
Erie Jaxx batting - Pitching for Barry's Bay Orioles : RHP Sancho Martínez
|
Pitching: RHP Sancho Martínez
|
|
Batting: LHB Mark Sanders
|
0-0: Ball 1-0: Called Strike 1-1: Swinging Strike 1-2: Fly out, F8 (Flyball, 8LS)
|
Batting: RHB Juan González
|
0-0: Ball 1-0: Ball 2-0: SOLO HOME RUN (Flyball, 7D), Distance : 341 ft
|
Batting: RHB Shane Marshall
|
0-0: Called Strike 0-1: Ball 1-1: Ball 2-1: Ball 3-1: Called Strike 3-2: Base on Balls
|
Batting: RHB Danny Morrison
|
0-0: Ball Shane Marshall steals 2nd base 1-0: Foul Ball, location: 2F 1-1: Ball 2-1: Ball 3-1: SINGLE (Flyball, 7S) Shane Marshall to third Runner from 3rd tries for Home, SAFE, no throw
|
Batting: RHB Ronald Hodge
|
0-0: Ball 1-0: Called Strike 1-1: Called Strike 1-2: Fly out, F9 (Flyball, 9S)
|
Batting: RHB Zachary Gadsden
|
0-0: Swinging Strike 0-1: Ball 1-1: Swinging Strike 1-2: Strikes out swinging
|
Bottom of the 1st over - 2 runs, 2 hits, 0 errors, 1 left on base; Barry's Bay 0 - Erie 2 |
TOP OF THE 2ND |
Barry's Bay Orioles batting - Pitching for Erie Jaxx : RHP Ricardo Córdova
|
Batting: LHB António Machado
|
0-0: Foul Ball, location: 2F 0-1: Ball 1-1: Ball 2-1: Foul Ball, location: 2F 2-2: Ball 3-2: Foul Ball, location: 2F 3-2: Strikes out swinging
|
Batting: RHB Jason Cook
|
0-0: Ground out 6-3 (Groundball, 6)
|
Batting: RHB Howard Robinson
|
0-0: Ball 1-0: Ball 2-0: Called Strike 2-1: Swinging Strike 2-2: Foul Ball, location: 2F 2-2: Ball 3-2: Base on Balls
|
Batting: RHB Bob Watson
|
0-0: Ball 1-0: Called Strike 1-1: Ball 2-1: Called Strike 2-2: Foul Ball, location: 2F 2-2: Ball Howard Robinson steals 2nd base 3-2: Foul Ball, location: 2F 3-2: Strikes out swinging
|
Top of the 2nd over - 0 runs, 0 hits, 0 errors, 1 left on base; Barry's Bay 0 - Erie 2 |
BOTTOM OF THE 2ND |
Erie Jaxx batting - Pitching for Barry's Bay Orioles : RHP Sancho Martínez
|
Batting: LHB Matt Moore
|
0-0: Ball 1-0: Fly out, F7 (Flyball, 7LD)
|
Batting: SHB José Salazar
|
0-0: Ball 1-0: Fly out, F6 (Popup, 6MS)
|
Batting: RHB José Hernández
|
0-0: Called Strike 0-1: SINGLE (Line Drive, 56D)
|
Batting: LHB Mark Sanders
|
0-0: Ball 1-0: Ball 2-0: Ball 3-0: Base on Balls José Hernández to second
|
Batting: RHB Juan González
|
0-0: Ball 1-0: Ground out 3-1 (Groundball, 34)
|
Bottom of the 2nd over - 0 runs, 1 hit, 0 errors, 2 left on base; Barry's Bay 0 - Erie 2 |
TOP OF THE 3RD |
Barry's Bay Orioles batting - Pitching for Erie Jaxx : RHP Ricardo Córdova
|
Batting: RHB Francisco Díaz
|
0-0: Swinging Strike 0-1: Foul Ball, location: 2F 0-2: Strikes out swinging
|
Batting: RHB Kevin Hawkins
|
0-0: Ground out 6-3 (Groundball, 6)
|
Batting: RHB Esteban Álvarez
|
0-0: SINGLE (Line Drive, 6MD)
|
Batting: LHB Chris Russell
|
0-0: SINGLE (Groundball, 6MD) Esteban Álvarez to second Runner from 2nd tries for 3rd, SAFE, throw made to third
|
Batting: LHB Dave Sanders
|
0-0: Ball 1-0: Called Strike 1-1: Ball 2-1: Swinging Strike 2-2: Ground out U3 (Groundball, 3)
|
Top of the 3rd over - 0 runs, 2 hits, 0 errors, 2 left on base; Barry's Bay 0 - Erie 2 |
BOTTOM OF THE 3RD |
Erie Jaxx batting - Pitching for Barry's Bay Orioles : RHP Sancho Martínez
|
Batting: RHB Shane Marshall
|
0-0: SINGLE (Line Drive, 56D)
|
Batting: RHB Danny Morrison
|
0-0: Ball 1-0: Ball 2-0: Called Strike 2-1: Ball 3-1: Base on Balls Shane Marshall to second
|
Batting: RHB Ronald Hodge
|
0-0: Ball 1-0: Ball Shane Marshall steals 3rd base 2-0: Ball 3-0: Base on Balls Danny Morrison to second
|
Batting: RHB Zachary Gadsden
|
0-0: SINGLE (Line Drive, 8RS) Shane Marshall scores Danny Morrison to third Ronald Hodge to second
|
Batting: LHB Matt Moore
|
0-0: Foul Ball, location: 2F 0-1: Foul Ball, location: 2F 0-2: Ball 1-2: Foul Ball, location: 2F 1-2: Grounds into double play, 4-6-3 (Groundball, 4) Danny Morrison scores Ronald Hodge to third
|
Batting: SHB José Salazar
|
0-0: Ball 1-0: SINGLE (Groundball, 4D) Ronald Hodge scores
|
Batting: RHB José Hernández
|
0-0: Called Strike 0-1: Foul Ball, location: 2F 0-2: Ball 1-2: SINGLE (Flyball, 89S) José Salazar to second José Salazar to third
|
Batting: LHB Mark Sanders
|
0-0: Ball 1-0: Called Strike 1-1: Swinging Strike 1-2: Strikes out swinging
|
Bottom of the 3rd over - 3 runs, 4 hits, 0 errors, 2 left on base; Barry's Bay 0 - Erie 5 |
TOP OF THE 4TH |
Barry's Bay Orioles batting - Pitching for Erie Jaxx : RHP Ricardo Córdova
|
Batting: LHB António Machado
|
0-0: Ball 1-0: Foul Ball, location: 2F 1-1: Ball 2-1: Ground out 6-3 (Groundball, 6)
|
Batting: RHB Jason Cook
|
0-0: Ball 1-0: Swinging Strike 1-1: SINGLE (Line Drive, 7S)
|
Batting: RHB Howard Robinson
|
0-0: Ball 1-0: Ball 2-0: SINGLE (Groundball, 34D) Jason Cook to second Runner from 2nd tries for 3rd, SAFE, throw made to third
|
Batting: RHB Bob Watson
|
0-0: Called Strike 0-1: Ball 1-1: Fly out, F8 (Line Drive, 78M) Runner from 3rd tags up, SCORES, throw made
|
Batting: RHB Francisco Díaz
|
0-0: Ball 1-0: Called Strike 1-1: Called Strike 1-2: Foul Ball, location: 2F 1-2: Fly out, F9 (Flyball, 9D)
|
Top of the 4th over - 1 run, 2 hits, 0 errors, 1 left on base; Barry's Bay 1 - Erie 5 |
BOTTOM OF THE 4TH |
Erie Jaxx batting - Pitching for Barry's Bay Orioles : RHP Sancho Martínez
|
Batting: RHB Juan González
|
0-0: Ball 1-0: Foul Ball, location: 2F 1-1: SINGLE (Groundball, 34D)
|
Batting: RHB Shane Marshall
|
0-0: Called Strike 0-1: Ball 1-1: Called Strike 1-2: Foul Ball, location: 2F 1-2: Fly out, F8 (Line Drive, 8LD)
|
Batting: RHB Danny Morrison
|
0-0: Ball 1-0: Ball 2-0: Foul Ball, location: 2F 2-1: Called Strike 2-2: Fly out, F4 (Popup, 4S)
|
Batting: RHB Ronald Hodge
|
0-0: Called Strike 0-1: Swinging Strike 0-2: Foul Ball, location: 2F 0-2: SINGLE (Groundball, 4MD) Juan González to second Runner from 2nd tries for 3rd, SAFE, no throw
|
Batting: RHB Zachary Gadsden
|
0-0: Called Strike 0-1: Swinging Strike 0-2: Fly out, F3 (Line Drive, 34)
|
Bottom of the 4th over - 0 runs, 2 hits, 0 errors, 2 left on base; Barry's Bay 1 - Erie 5 |
TOP OF THE 5TH |
Barry's Bay Orioles batting - Pitching for Erie Jaxx : RHP Ricardo Córdova
|
Batting: RHB Kevin Hawkins
|
0-0: Called Strike 0-1: Ball 1-1: SINGLE (Groundball, 25) (infield hit)
|
Batting: RHB Esteban Álvarez
|
0-0: Foul Ball, location: 2F 0-1: Called Strike Throwing error on steal attempt, E2 Kevin Hawkins to third 0-2: Strikes out swinging
|
Batting: LHB Chris Russell
|
0-0: Ball 1-0: Ball 2-0: Ball 3-0: Called Strike 3-1: Foul Ball, location: 2F 3-2: Base on Balls
|
Batting: LHB Dave Sanders
|
0-0: Ball 1-0: Foul Ball, location: 2F 1-1: Ball 2-1: Foul Ball, location: 2F 2-2: Foul Ball, location: 2F 2-2: Foul Ball, location: 2F 2-2: Ball 3-2: Base on Balls Chris Russell to second
|
Batting: LHB António Machado
|
0-0: Ball 1-0: Swinging Strike 1-1: Called Strike 1-2: Strikes out swinging
|
Batting: RHB Jason Cook
|
0-0: Called Strike 0-1: Swinging Strike 0-2: Ball 1-2: Strikes out swinging
|
Top of the 5th over - 0 runs, 1 hit, 1 error, 3 left on base; Barry's Bay 1 - Erie 5 |
BOTTOM OF THE 5TH |
Erie Jaxx batting - Pitching for Barry's Bay Orioles : RHP Sancho Martínez
|
Pitching: RHP Jorge Cruz
|
|
Batting: LHB Matt Moore
|
0-0: Ball 1-0: Foul Ball, location: 2F 1-1: Foul Ball, location: 2F 1-2: Ground out 4-3 (Groundball, 4M)
|
Batting: SHB José Salazar
|
0-0: Foul Ball, location: 2F 0-1: Called Strike 0-2: Foul Ball, location: 2F 0-2: Ball 1-2: Ball 2-2: Ball 3-2: Foul Ball, location: 2F 3-2: Base on Balls
|
Batting: RHB José Hernández
|
0-0: Ball 1-0: Fly out, F9 (Line Drive, 89M)
|
Batting: LHB Mark Sanders
|
0-0: Ball 1-0: Called Strike 1-1: Ball 2-1: Ball 3-1: Base on Balls José Salazar to second
|
Batting: RHB Juan González
|
0-0: Swinging Strike 0-1: Swinging Strike 0-2: Ball 1-2: Foul Ball, location: 2F 1-2: Foul Ball, location: 2F 1-2: Ball 2-2: Ball 3-2: Strikes out looking
|
Bottom of the 5th over - 0 runs, 0 hits, 0 errors, 2 left on base; Barry's Bay 1 - Erie 5 |
TOP OF THE 6TH |
Barry's Bay Orioles batting - Pitching for Erie Jaxx : RHP Ricardo Córdova
|
Pitching: RHP Armando Rodríguez
|
|
Batting: RHB Howard Robinson
|
0-0: Swinging Strike 0-1: Swinging Strike 0-2: Ball 1-2: Strikes out looking
|
Batting: RHB Bob Watson
|
0-0: Foul Ball, location: 2F 0-1: Called Strike 0-2: Ball 1-2: Strikes out looking
|
Batting: RHB Francisco Díaz
|
0-0: Fly out, F7 (Flyball, 78D)
|
Top of the 6th over - 0 runs, 0 hits, 0 errors, 0 left on base; Barry's Bay 1 - Erie 5 |
BOTTOM OF THE 6TH |
Erie Jaxx batting - Pitching for Barry's Bay Orioles : RHP Jorge Cruz
|
Batting: RHB Shane Marshall
|
0-0: Called Strike 0-1: Swinging Strike 0-2: Strikes out swinging
|
Batting: RHB Danny Morrison
|
0-0: Ball 1-0: Ball 2-0: SINGLE (Line Drive, 6MD)
|
Batting: RHB Ronald Hodge
|
0-0: Called Strike 0-1: Foul Ball, location: 2F 0-2: Foul Ball, location: 2F 0-2: Foul Ball, location: 2F 0-2: SINGLE (Line Drive, 8RS) Danny Morrison to second
|
Batting: RHB Zachary Gadsden
|
0-0: Ball 1-0: Foul Ball, location: 2F 1-1: Swinging Strike 1-2: Hit by Pitch Danny Morrison to third Ronald Hodge to second
|
Batting: LHB Matt Moore
|
0-0: Ball 1-0: Foul Ball, location: 2F 1-1: Swinging Strike 1-2: Ball 2-2: Strikes out swinging
|
Batting: SHB José Salazar
|
0-0: Ball 1-0: Foul Ball, location: 2F 1-1: Called Strike 1-2: Strikes out looking
|
Bottom of the 6th over - 0 runs, 2 hits, 0 errors, 3 left on base; Barry's Bay 1 - Erie 5 |
TOP OF THE 7TH |
Barry's Bay Orioles batting - Pitching for Erie Jaxx : RHP Armando Rodríguez
|
Batting: RHB Kevin Hawkins
|
0-0: Called Strike 0-1: Swinging Strike 0-2: Ball 1-2: Ball 2-2: Fly out, F7 (Flyball, 78S)
|
Batting: RHB Esteban Álvarez
|
0-0: Ball 1-0: Foul Ball, location: 2F 1-1: Swinging Strike 1-2: Strikes out looking
|
Batting: LHB Chris Russell
|
0-0: Called Strike 0-1: Called Strike 0-2: Ground out U3 (Groundball, 3)
|
Top of the 7th over - 0 runs, 0 hits, 0 errors, 0 left on base; Barry's Bay 1 - Erie 5 |
BOTTOM OF THE 7TH |
Erie Jaxx batting - Pitching for Barry's Bay Orioles : RHP Jorge Cruz
|
Batting: RHB José Hernández
|
0-0: Ground out 6-3 (Groundball, 6)
|
Batting: LHB Mark Sanders
|
0-0: Ball 1-0: Foul Ball, location: 2F 1-1: Foul Ball, location: 2F 1-2: Strikes out swinging
|
Batting: RHB Juan González
|
0-0: Ball 1-0: Called Strike 1-1: Foul Ball, location: 2F 1-2: Strikes out swinging
|
Bottom of the 7th over - 0 runs, 0 hits, 0 errors, 0 left on base; Barry's Bay 1 - Erie 5 |
TOP OF THE 8TH |
Barry's Bay Orioles batting - Pitching for Erie Jaxx : RHP Armando Rodríguez
|
Batting: LHB Dave Sanders
|
0-0: Swinging Strike 0-1: Foul Ball, location: 2F 0-2: Strikes out looking
|
Batting: LHB António Machado
|
0-0: Ball 1-0: Foul Ball, location: 2F 1-1: Swinging Strike 1-2: Foul Ball, location: 2F 1-2: Strikes out swinging
|
Batting: RHB Jason Cook
|
0-0: Foul Ball, location: 2F 0-1: TRIPLE (Flyball, 8LXD)
|
Batting: RHB Howard Robinson
|
0-0: Ball 1-0: Ground out 5-3 (Groundball, 56S)
|
Top of the 8th over - 0 runs, 1 hit, 0 errors, 1 left on base; Barry's Bay 1 - Erie 5 |
BOTTOM OF THE 8TH |
Erie Jaxx batting - Pitching for Barry's Bay Orioles : RHP Jorge Cruz
|
Batting: RHB Shane Marshall
|
0-0: Called Strike 0-1: Fly out, F8 (Flyball, 8RD)
|
Batting: RHB Danny Morrison
|
0-0: SINGLE (Line Drive, 6MD)
|
Pitching: RHP Kichisaburo Abe
|
|
Batting: RHB Ronald Hodge
|
0-0: Called Strike 0-1: 2-RUN HOME RUN (Flyball, 7LD), Distance : 328 ft
|
Batting: RHB Zachary Gadsden
|
0-0: Ball 1-0: Foul Ball, location: 2F 1-1: Swinging Strike 1-2: DOUBLE (Line Drive, 9LM)
|
Batting: LHB Matt Moore
|
0-0: Ball 1-0: Ball 2-0: Ball 3-0: Called Strike 3-1: Hit by Pitch
|
Batting: SHB José Salazar
|
0-0: Called Strike 0-1: Ball 1-1: Ball 2-1: Grounds into double play, 3-6-3 (Groundball, 34)
|
Bottom of the 8th over - 2 runs, 3 hits, 0 errors, 1 left on base; Barry's Bay 1 - Erie 7 |
TOP OF THE 9TH |
Barry's Bay Orioles batting - Pitching for Erie Jaxx : RHP Armando Rodríguez
|
Batting: RHB Bob Watson
|
0-0: Ball 1-0: Swinging Strike 1-1: Foul Ball, location: 2F 1-2: SINGLE (Line Drive, 4D)
|
Batting: RHB Francisco Díaz
|
0-0: Called Strike 0-1: Foul Ball, location: 2F 0-2: Ball 1-2: Strikes out looking
|
Batting: RHB Kevin Hawkins
|
0-0: Ball 1-0: Ball 2-0: Ball 3-0: Base on Balls Bob Watson to second
|
Batting: RHB Esteban Álvarez
|
0-0: Fly out, F2 (Popup, 13S)
|
Batting: LHB Chris Russell
|
0-0: Called Strike 0-1: Reached on error, E1 (Groundball, 15S) Bob Watson to third Kevin Hawkins to second
|
Batting: LHB Dave Sanders
|
0-0: Foul Ball, location: 2F 0-1: Foul Ball, location: 2F 0-2: Ball 1-2: Ball 2-2: Strikes out looking
|
Top of the 9th over - 0 runs, 1 hit, 1 error, 3 left on base; Barry's Bay 1 - Erie 7 |
|